 Dungeon Crawl Stone Soup version 0.27.1-3-gb3d3a73c9e (webtiles) character file.

Game seed: 14866478089501668404

161 CuBeRJAN3 the Firebug (level 5, -1/31 HPs)
             Began as a Gargoyle Fire Elementalist on Oct 8, 2021.
             Slain by a scorpion (8 damage)
             ... on level 3 of the Dungeon.
             The game lasted 00:09:05 (3745 turns).

CuBeRJAN3 the Firebug (Gargoyle Fire Elementalist)  Turns: 3745, Time: 00:09:06

Health: -1/31      AC:  7    Str: 12    XL:     5   Next: 42%
Magic:  9/9        EV: 11    Int: 16    God:
Gold:   202        SH:  0    Dex: 10    Spells: 9/10 levels left

rFire    . . .     SeeInvis .   l - +0 flail
rCold    . . .     Faith    .   (no shield)
rNeg     + . .     Spirit   .   d - +0 leather armour
rPois    ∞         Reflect  .   (no helmet)
rElec    +         Harm     .   (no cloak)
rCorr    .         Rampage  .   (no gloves)
Will     .....                  (no boots)
Stlth    ++........             (no amulet)
HPRegen  0.10/turn              (no ring)
MPRegen  0.11/turn              (no ring)

@: no status effects
A: sickness immunity, AC +4, negative energy resistance 1, electricity
resistance, torment resistance 1, petrification resistance
a: no special abilities


You were on level 3 of the Dungeon.
You visited 1 branch of the dungeon, and saw 3 of its levels.

You collected 202 gold pieces.

Inventory:

Hand Weapons
 l - a +0 flail (weapon)
Armour
 a - a +0 robe
 d - a +0 leather armour (worn)
Scrolls
 f - 2 scrolls of identify {unknown}
 g - a scroll of vulnerability {unknown}
 k - a scroll of holy word {unknown}
Potions
 b - a potion of lignification {unknown}
 e - a potion of degeneration {unknown}
 h - a potion of brilliance {unknown}
 i - a potion of attraction {unknown}
 j - 2 potions of heal wounds {unknown}


   Skills:
 * Level 2.4 Fighting
 * Level 1.8 Maces & Flails
 - Level 1.5 Dodging
 - Level 2.1 Stealth
 * Level 3.1 Spellcasting
 + Level 2.2 Conjurations
 + Level 3.5 Fire Magic


You had 9 spell levels left.
You knew the following spells:

 Your Spells              Type           Power      Damage    Failure   Level
a - Foxfire               Conj/Fire      44%        2x1d6     7%          1

Your spell library contained the following spells:

 Spells                   Type           Power      Damage    Failure   Level
 Conjure Flame            Conj/Fire      11%        6-21      22%         3
 Pain                     Necr           8%         1d4       24%         1
 Inner Flame              Hex/Fire       8%         N/A       34%         3
 Frozen Ramparts          Ice            4%         1d2       56%         3
 Sticky Flame             Conj/Fire      11%        2d3       56%         4
 Fireball                 Conj/Fire      5%         3d5       89%         5
 Ice Form                 Ice/Tmut       2%         N/A       93%         4
 Summon Ice Beast         Ice/Summ       2%         N/A       93%         4


Dungeon Overview and Level Annotations

Branches:
Dungeon (3/15)

Altars:


Innate Abilities, Weirdness & Mutations

You are immune to sickness and miasma.
Your stone body is resilient. (AC +4)
You are immune to poison.
You resist negative energy. (rN+)
You are resistant to electric shocks. (rElec)
You are resistant to unholy torment.
You are immune to petrification.


Message History

You kill the hobgoblin!
A scorpion comes into view.
You hit the scorpion.
The scorpion is lightly wounded.
The scorpion misses you.
You hit the scorpion.
The scorpion is moderately wounded.
The scorpion stings you! The scorpion stings you.
Press: ? - help, v - describe, . - travel
Here: a scorpion (moderately wounded)
The floor.
You completely miss the scorpion.
The scorpion is moderately wounded.
The scorpion stings you but does no damage.
The scorpion closely misses you.
You hit the scorpion but do no damage.
The scorpion is moderately wounded.
The scorpion stings you.
You hit the scorpion.
The scorpion is moderately wounded.
The scorpion stings you but does no damage.
The scorpion stings you.
Press: ? - help, v - describe, . - travel
Here: a scorpion (moderately wounded)
The floor.
You barely miss the scorpion.
The scorpion is moderately wounded.
The scorpion barely misses you.
You hit the scorpion.
The scorpion is heavily wounded.
The scorpion completely misses you. The scorpion stings you.
You closely miss the scorpion.
The scorpion is heavily wounded.
The scorpion stings you.
* * * LOW HITPOINT WARNING * * *
The scorpion stings you.
* * * LOW HITPOINT WARNING * * *
The scorpion closely misses you. The scorpion stings you!
You die...

############
...........#
##########.# #.#
#.# #.#
##########.#
...........########
#..######.......@.#
...####.#.#######s#
........#.# #.#
..#.###.#.# #.#
......#.#.# #.#
...>#.#.#.# #.#
......#.#.# #.#
.#.####.#.# #.#
........# #.#


You could see a scorpion.

Vanquished Creatures
  An orc priest (D:3)
  An orc wizard (D:3)
  5 adders
  An orc (D:3)
  7 ball pythons
  4 endoplasms
  3 giant cockroaches
  6 goblins
  7 hobgoblins
  2 kobolds
  4 quokkas
  11 bats
  4 frilled lizards
  3 rats
59 creatures vanquished.

Vanquished Creatures (others)
  67 foxfires
67 creatures vanquished.

Grand Total: 126 creatures vanquished

Notes
Turn   | Place    | Note
-------+----------+-------------------------------------------
     0 | D:1      | CuBeRJAN3 the Gargoyle Fire Elementalist began the quest
                  | for the Orb.
     0 | D:1      | Reached XP level 1. HP: 10/10 MP: 3/3
    47 | D:1      | Found a faded altar of an unknown god.
    55 | D:1      | Got Plato's Almanac of Unholy Rites
   145 | D:1      | Reached XP level 2. HP: 16/16 MP: 5/5
   147 | D:1      | Reached skill level 1 in Fighting
   630 | D:1      | Reached XP level 3. HP: 4/20 MP: 2/6
  2124 | D:2      | Reached skill level 1 in Maces & Flails
  2124 | D:2      | Reached XP level 4. HP: 25/26 MP: 5/7
  3054 | D:3      | Reached XP level 5. HP: 30/30 MP: 1/9
  3745 | D:3      | Slain by a scorpion

Illustrated notes

Levels and vault maps discovered:
D:1:      ncdulo_watergridlock, layout_basic,
          shapermc_ecumenical_altar_rom_forum, dk_noncrumbling_2,
          minmay_misc_feat_tower
D:2:      layout_basic, minmay_misc_feat_encased, minmay_misc_feat_alley,
          minmay_misc_feat_tiny
D:3:      layout_basic

Skill      XL: |  1  2  3  4 |
---------------+-------------+-----
Fighting       | 1 2 |  2.4
Maces & Flails | 1 |  1.8
Conjurations   | 2 |  2.2
Spellcasting   | 3 |  3.1
Dodging        | |  1.5
Stealth        | |  2.1
Fire Magic     | |  3.5

Action                   |  1- 3 |  4- 6 || total
-------------------------+-------+-------++-------
Melee: Short sword       |    18 |       ||    18
       Club              |    77 |    56 ||   133
       Flail             |       |    40 ||    40
 Cast: Foxfire           |    23 |    16 ||    39
 Stab: Sleeping          |     5 |     3 ||     8
Armor: Robe              |    24 |       ||    24
       Leather armour    |    29 |    70 ||    99
Dodge: Dodged            |    81 |    82 ||   163
